 Dungeon Crawl Stone Soup version 0.22-a0-389-g8519d86 (webtiles) character file.

21 Kairos the Shield-Bearer (level 2, 16/16 HPs)
             Began as a Vine Stalker Fighter on Apr 30, 2018.
             Quit the game on level 1 of the Dungeon.
             The game lasted 00:00:59 (622 turns).

Kairos the Shield-Bearer (Vine Stalker Fighter)      Turns: 622, Time: 00:01:00

Health: 16/16      AC:  6    Str: 16 (18) XL:     2   Next: 83%
Magic:  3/3        EV:  6    Int:  7 (8)  God:
Gold:   49         SH:  8    Dex: 12 (13) Spells: 1/1 levels left

rFire    . . .     SeeInvis .   a - +0 war axe
rCold    . . .     Gourm    .   c - +0 shield
rNeg     . . .     Faith    .   b - +0 scale mail
rPois    .         Spirit   +   (no helmet)
rElec    .         Reflect  .   (no cloak)
rCorr    .         Harm     .   (no gloves)
MR       .....                  (no boots)
Stlth    ..........             (no amulet)
HPRegen  0.05/turn              (no ring)
MPRegen  0.08/turn              (no ring)

@: no status effects
A: fangs 2, magic shield, antimagic bite, no potion heal 3, rot immunity
a: no special abilities


You were on level 1 of the Dungeon.
You were not hungry.

You visited 1 branch of the dungeon, and saw 1 of its levels.

You collected 49 gold pieces.

Inventory:

Hand Weapons
 a - a +0 war axe (weapon)
Missiles
 e - 8 tomahawks (quivered)
Armour
 b - a +0 scale mail (worn)
 c - a +0 shield (worn)
Scrolls
 g - 2 scrolls of remove curse
Potions
 d - a potion of might
 h - a potion of heal wounds
 i - a potion of degeneration
Comestibles
 f - 2 rations


   Skills:
 + Level 2.9 Fighting
 + Level 2.0 Axes
 + Level 2.8 Armour
 + Level 2.9 Shields


You had one spell level left.
You didn't know any spells.

Dungeon Overview and Level Annotations

Branches:
Dungeon (1/15)

Altars:


Innate Abilities, Weirdness & Mutations

You have extremely sharp teeth.
When hurt, damage is shared between your health and your magic reserves.
Your bite disrupts and absorbs the magic of your enemies.
Potions cannot restore your health.
You are immune to rotting.


Message History

Key pressed, stopping explore.
No target in view!
Key pressed, stopping explore.
No target in view!
Key pressed, stopping explore.
No target in view!
Done exploring.
No target in view!
Done exploring.
No target in view!
No target in view!
Done exploring.
No target in view!
As you read the scroll labeled ZAXTYNO TITT, it crumbles to dust.
You feel blessed for a moment.
It was a scroll of remove curse.
It was a potion of heal wounds.
That seemed strangely inert.
It was a potion of degeneration.
There was something very wrong with that liquid.
You feel weakened.
You feel dopey.
You feel clumsy.
Are you sure you want to abandon this character and quit the game? (Confirm with "yes".)

..........†....#
.............###
..........#### .#.##...#.#
.#.##.#...########
......#..........#
.###.##.........## .#
#.##.#.###.#.######## .#
#.(..........@......## ##
######.#####.###.....# #
#.# #..###.###.#
#########.#####..##.###.#
........................##
.........................#
≈≈≈≈≈≈≈≈≈≈≈≈≈≈≈≈≈≈≈≈≈≈...#
≈≈≈≈≈≈≈≈≈≈≈≈≈≈≈≈≈≈≈≈≈≈...#
≈≈≈≈≈≈≈≈≈≈≈≈≈≈≈≈≈≈≈≈≈≈...#


There were no monsters in sight!

Vanquished Creatures
  2 dart slugs (D:1)
  3 bats (D:1)
  2 giant cockroaches (D:1)
  3 goblins (D:1)
  A ball python (D:1)
  A frilled lizard (D:1)
  2 kobolds (D:1)
  2 rats (D:1)
16 creatures vanquished.

Notes
Turn   | Place    | Note
-------+----------+-------------------------------------------
     0 | D:1      | Kairos the Vine Stalker Fighter began the quest for the Orb.
     0 | D:1      | Reached XP level 1. HP: 11/11 MP: 2/2
   227 | D:1      | Reached XP level 2. HP: 11/16 MP: 1/3
   622 | D:1      | Quit the game

Vault maps used:
D:1:      dpeg_arrival_castle, serial_bayou, serial_bayou_crossing,
          serial_bayou_shore_b, serial_bayou_pond_d, serial_bayou_lagoon_a

Skill      XL: |  1  2 |
---------------+-------+-----
Axes           | 2 |  2.0
Fighting       | |  2.9
Armour         | |  2.8
Shields        | |  2.9

Action                   || total
-------------------------++-------
Melee: War axe           ||    55
       Bite              ||    17
  Use: Potion            ||     2
       Scroll            ||     1
Armor: Scale mail        ||    22
Dodge: Dodged            ||    16
Block: Shield            ||    32

Table legend:
 A = Spawn XP
 B = Non-spawn XP
 C = Spawn XP percentage of total XP
 D = Spawn monster count
 E = Non-spawn monster count
 F = Spawn count percentage of total count
 G = Total turns spent on level
                    A         B        C        D         E        F      G
               +---------+---------+-------+---------+---------+-------+---------
         Total |       0 |      30 |   0.0 |       0 |      16 |   0.0 |   622
               +---------+---------+-------+---------+---------+-------+---------
           D:1 |       0 |      30 |   0.0 |       0 |      16 |   0.0 |   622
               +---------+---------+-------+---------+---------+-------+---------
